 Dungeon Crawl Stone Soup version 0.25.1-2-g60ff931df9 (webtiles) character file.

Game seed: 11641181044541315474

5325 DerDa the Tainter (level 10, -8/63 HPs)
             Began as a Formicid Venom Mage on Sept 26, 2020.
             Was a Believer of Sif Muna.
             Mangled by a wolf (9 damage)
             ... led by Grum
             ... on level 8 of the Dungeon.
             The game lasted 00:27:42 (8721 turns).

DerDa the Tainter (Formicid Venom Mage)             Turns: 8721, Time: 00:27:43

Health: -8/63      AC:  7    Str: 18    XL:     10   Next: 96%
Magic:  13/23      EV: 12    Int: 22    God:    Sif Muna [**....]
Gold:   344        SH:  0    Dex: 11    Spells: 15/28 levels left

rFire    + . .     SeeInvis +   M - +0 falchion "DerDa's Doom" {elec, rPois rC+ Int+3} (curse)
rCold    + + .     Gourm    .   (no shield)
rNeg     . . .     Faith    .   i - +1 leather armour {rC+}
rPois    +         Spirit   .   (helmet unavailable)
rElec    .         Reflect  .   U - +2 cloak
rCorr    .         Harm     .   (no gloves)
MR       +....                  (no boots)
Stlth    ++........             q - amulet of magic regeneration
HPRegen  0.20/turn              G - ring of protection from fire
MPRegen  0.43/turn              J - +6 ring of strength

@: radiating poison
A: permanent stasis, dig shafts and tunnels, four strong arms, antennae 3
a: Dig, Shaft Self, Channel Magic, Renounce Religion


You were on level 8 of the Dungeon.
You worshipped Sif Muna.
Sif Muna was pleased with you.
You were not hungry.

You visited 2 branches of the dungeon, and saw 9 of its levels.

You collected 455 gold pieces.
You spent 111 gold pieces at shops.

Inventory:

Hand Weapons
 e - a +0 short sword
 n - a +0 hunting sling
 p - a +0 trident
 t - a +2 flail of draining
 D - a +0 short sword of venom
 K - a +1 war axe of flaming
 L - the +0 spear "Buimp" {vorpal, MR+}
   (You found it on level 6 of the Dungeon)

   It inflicts extra damage upon your enemies.
   It affects your resistance to hostile enchantments.
 M - the cursed +0 falchion "DerDa's Doom" (weapon) {elec, rPois rC+ Int+3}
   (You found it on level 6 of the Dungeon)

   Occasionally, upon striking a foe, it will discharge some electrical energy
   and cause terrible harm.
   It affects your intelligence (+3).
   It protects you from cold.
   It protects you from poison.
   It has a curse placed upon it.
Missiles
 b - 42 poisoned darts (quivered)
 k - 141 sling bullets
 m - 72 bolts
 o - 256 stones
 s - 80 arrows
 y - 12 boomerangs
Armour
 a - a +0 robe
 i - a +1 leather armour of cold resistance (worn)
 U - a +2 cloak (worn)
Magical Staves
 R - an uncursed staff of summoning {unknown}
Jewellery
 l - an uncursed amulet of reflection {unknown}
 q - an amulet of magic regeneration (around neck)
 G - a ring of protection from fire (left hand)
 J - a +6 ring of strength (right hand)
 N - an uncursed amulet of the acrobat
 V - a +6 ring of intelligence {unknown}
 X - an uncursed ring of protection from cold {unknown}
Wands
 F - a wand of random effects (37)
 H - a wand of clouds (5)
 I - a wand of polymorph (4)
 P - a wand of paralysis (19)
Scrolls
 d - a scroll of torment
 f - a scroll of fog
 g - 4 scrolls of remove curse
 j - 2 scrolls of enchant weapon
 r - 3 scrolls of amnesia
 x - 2 scrolls of magic mapping
 A - 3 scrolls of fear {unknown}
 T - a scroll of noise {unknown}
Potions
 h - 2 potions of mutation {unknown}
 u - 3 potions of flight {unknown}
 v - 3 potions of lignification {unknown}
 w - 2 potions of brilliance {unknown}
 z - 3 potions of ambrosia {unknown}
 B - a potion of might {unknown}
 C - 2 potions of stabbing {unknown}
 E - 3 potions of curing
 O - a potion of cancellation {unknown}
 Q - 3 potions of degeneration {unknown}
 S - a potion of resistance {unknown}
Comestibles
 c - 15 rations
 W - 4 chunks of flesh


   Skills:
 - Level 1.7 Dodging
 - Level 2.4 Stealth
 * Level 9.8 Spellcasting
 - Level 5.0 Transmutations
 - Level 5.0 Air Magic
 * Level 12.6 Poison Magic


You had 15 spell levels left.
You knew the following spells:

 Your Spells              Type           Power        Failure   Level  Hunger
a - Sting                 Tmut/Pois      ####         1%          1    None
b - Mephitic Cloud        Conj/Pois/Air  #####...     1%          3    None
c - Ignite Poison         Fire/Tmut/Pois #####...     1%          3    None
d - Olgreb's Toxic Radia  Pois           ######..     1%          4    ##.....
u - Poisonous Vapours     Pois/Air       #####.       1%          2    None

Your spell library contained the following spells:

 Spells                   Type           Power        Failure   Level  Hunger
 Summon Ice Beast         Ice/Summ       ##......     58%         4    ##.....
 Simulacrum               Ice/Necr       ##........   100%        6    ######.


Dungeon Overview and Level Annotations

Branches:
Dungeon (8/15)             Temple (1/1) D:5
   Lair: D:8-11

Altars:
Ashenzari
Cheibriados
Dithmenos
Elyvilon
Fedhas
Gozag
Hepliaklqana
Kikubaaqudgha
Makhleb
Nemelex Xobeh
Okawaru
Qazlal
Ru
Sif Muna
Trog
Uskayaw
Vehumet
Wu Jian
Xom
Yredelemnul
Zin
The Shining One

Shops:
D:6 (   D:7 %}*:   D:8 %


Innate Abilities, Weirdness & Mutations

You cannot be hasted, slowed, berserked, paralysed or teleported.
You can dig through walls and to a lower floor.
Your four strong arms can wield two-handed weapons with a shield.
You have a pair of large antennae on your head. (SInv)


Message History

The wolf bites you!
* * * LOW HITPOINT WARNING * * *
Found a stone staircase leading down.
It was a potion of curing.
You feel better. The wolf bites you but does no damage. The wolf bites you.
* * * LOW HITPOINT WARNING * * *
The wolf bites you but does no damage.
You feel better. The wolf bites you.
* * * LOW HITPOINT WARNING * * *
The wolf barely misses you. The wolf bites you but does no damage.
Unknown command.
Casting: Olgreb's Toxic Radiance (safe; 1% risk of failure)
Confirm with . or Enter, or press ? or * to list all spells.
You begin to radiate toxic energy.
The wolf is poisoned.
You kill the wolf!
Sif Muna accepts your kill. The wolf bites you!
* * * LOW HITPOINT WARNING * * *
The wolf bites you!
You die...

...... ##.####....
......##.## #..... #
..........##.....
#..##..........# #.
##.#....#..# .#.. #
#....#.#... ..... #......# ..
> ......###.....##....
.......†)..h@............ .
.......†##........##..... .
##......##...............###.
#.....h###........#...!......
#...... .........#..........
##..... ##...................
##.... #.##.#...?..........
#.... ..# ###...........#.
[.......)##


You could see a wolf (poisoned).

Vanquished Creatures
  Harold (D:7)
  Grinder (D:5)
  Prince Ribbit (D:7)
  A hippogriff (D:8)
  A wyvern (D:8)
  A yak (D:7)
  Grum (D:8)
  A hungry ghost (D:7)
  Edmund (D:5)
  Menkaure (D:5)
  3 orc warriors
  An ice beast (D:5)
  A necrophage (D:7)
  A phantom (D:7)
  2 sky beasts (D:7)
  4 ogres
  2 wolves (D:8)
  2 centaurs
  4 scorpions
  11 killer bees
  A centaur zombie (D:7)
  3 crimson imps
  3 orc priests
  2 bullfrog zombies
  3 hounds
  A bullfrog skeleton (D:6)
  A jelly (D:6)
  11 orc wizards
  An iguana (D:5)
  7 worker ants
  3 hound skeletons
  A worker ant zombie (D:8)
  13 adders
  2 shadow imps
  3 oozes
  An adder zombie (D:6)
  A worm (D:3)
  2 dart slugs (D:1)
  2 leopard geckos
  23 orcs
  2 ball pythons (D:6)
  5 giant cockroaches
  6 goblins
  15 hobgoblins
  8 jackals
  12 quokkas
  9 bats
  7 frilled lizards
  A jackal skeleton (D:6)
  5 kobolds
  A leopard gecko skeleton (D:6)
  9 rats
205 creatures vanquished.

Notes
Turn   | Place    | Note
-------+----------+-------------------------------------------
     0 | D:1      | DerDa the Formicid Venom Mage began the quest for the Orb.
     0 | D:1      | Reached XP level 1. HP: 13/13 MP: 3/3
    78 | D:1      | Reached XP level 2. HP: 17/19 MP: 0/5
   281 | D:1      | Learned a level 2 spell: Poisonous Vapours
   749 | D:1      | Found a glowing golden altar of the Shining One.
   750 | D:1      | Reached XP level 3. HP: 20/24 MP: 4/7
   818 | D:1      | Learned a level 3 spell: Mephitic Cloud
  1756 | D:2      | Reached XP level 4. HP: 30/30 MP: 3/8
  2575 | D:3      | Reached skill level 5 in Poison Magic
  2641 | D:3      | Reached skill level 1 in Air Magic
  2641 | D:3      | Reached XP level 5. HP: 32/35 MP: 0/9
  2720 | D:3      | Learned a level 3 spell: Ignite Poison
  3201 | D:3      | Reached XP level 6. HP: 41/41 MP: 5/11
  3790 | D:4      | Reached skill level 6 in Poison Magic
  3976 | D:4      | Reached XP level 7. HP: 46/46 MP: 4/13
  4704 | D:5      | Entered Level 5 of the Dungeon
  4763 | D:5      | Noticed Edmund
  4770 | D:5      | Killed Edmund
  4770 | D:5      | Reached skill level 7 in Poison Magic
  4770 | D:5      | Reached XP level 8. HP: 33/52 MP: 3/15
  4896 | D:5      | Noticed Menkaure
  4905 | D:5      | Killed Menkaure
  4905 | D:5      | Reached skill level 5 in Spellcasting
  4905 | D:5      | Reached skill level 5 in Transmutations
  5147 | D:5      | Learned a level 4 spell: Olgreb's Toxic Radiance
  5150 | D:5      | Found a staircase to the Ecumenical Temple.
  5175 | Temple   | Entered the Ecumenical Temple
  5207 | Temple   | Became a worshipper of Sif Muna the Loreminder
  5619 | D:5      | Noticed Grinder
  5620 | D:5      | Reached skill level 8 in Poison Magic
  5627 | D:5      | Killed Grinder
  6130 | D:6      | Reached XP level 9. HP: 38/57 MP: 15/18
  6326 | D:6      | Found an iron altar of Okawaru.
  6336 | D:6      | Reached skill level 9 in Poison Magic
  6373 | D:6      | Got a scorched spear
  6378 | D:6      | Got an iridescent falchion
  6522 | D:6      | Identified the cursed +0 spear "Buimp" {vorpal, MR+} (You
                  | found it on level 6 of the Dungeon)
  6524 | D:6      | Identified the cursed +0 falchion "DerDa's Doom" {elec,
                  | rPois rC+ Int+3} (You found it on level 6 of the Dungeon)
  6910 | D:6      | Reached * piety under Sif Muna
  7022 | D:6      | Found Neluq's Antique Weapon Boutique.
  7277 | D:7      | Found Roaroih's Book Emporium.
  7322 | D:7      | Noticed Prince Ribbit
  7326 | D:7      | Reached skill level 10 in Poison Magic
  7330 | D:7      | Killed Prince Ribbit
  7420 | D:7      | Found Kugut's Assorted Antiques.
  7425 | D:7      | Bought a murky golden potion for 27 gold pieces
  7425 | D:7      | Bought a coppery potion for 27 gold pieces
  7425 | D:7      | Bought a scroll labeled HOMIDA ZEM TIH for 30 gold pieces
  7425 | D:7      | Bought a sedimented grey potion for 27 gold pieces
  7436 | D:7      | Reached XP level 10. HP: 49/63 MP: 13/22
  7459 | D:7      | Reached skill level 11 in Poison Magic
  7460 | D:7      | Reached ** piety under Sif Muna
  7803 | D:7      | Found Gaceimoj's Gadget Shoppe.
  7836 | D:7      | Found Ilaebumo's Food Emporium.
  7839 | D:7      | Noticed Harold
  7865 | D:7      | Killed Harold
  7877 | D:7      | Reached skill level 5 in Air Magic
  8436 | D:8      | Reached skill level 12 in Poison Magic
  8562 | D:8      | Identified the Tome of Icy Venom
  8619 | D:8      | Found Gice's Food Shoppe.
  8707 | D:8      | Noticed Grum
  8717 | D:8      | Killed Grum
  8721 | D:8      | HP: 1/63 [wolf[Grum] (8)]
  8721 | D:8      | Mangled by a wolf

Illustrated notes

Levels and vault maps discovered:
D:1:      minmay_arrival_loop, layout_rooms, serial_forest,
          infiniplex_forest_lined_ring, infiniplex_forest_clump_curved,
          infiniplex_forest_end_1, infiniplex_forest_clump_small,
          infiniplex_forest_fountain, infiniplex_forest_clump_small,
          infiniplex_forest_lined_3_way, infiniplex_forest_straight_4,
          infiniplex_forest_end_3, infiniplex_forest_end_double, tso_metal_star
D:2:      layout_basic
D:3:      layout_rooms, minmay_tree_intersection, kennysheep_nub, st_stairs_9
D:4:      layout_basic
D:5:      layout_loops_ring, minmay_temple_entry_nine_rooms, first_ration,
          minmay_misc_feat_doors, uniq_menkaure, uniq_edmund, uniq_grinder
D:6:      layout_basic, serial_shops, shop, okawaru_ov_weapons_minmay
D:7:      layout_rooms, serial_shops, shop, shop, shop, shop_statue, kb_rosetta,
          uniq_prince_ribbit1, uniq_harold
D:8:      layout_cave_pools, serial_shops, kennysheep_mini_moat, uniq_grum,
          uniq_maurice
Temple:   nicolae_temple_the_god_donut

Skill      XL: |  1  2  3  4  5  6  7  8  9 10 |
---------------+-------------------------------+-----
Transmutations | 2 3 4 5 |  5.0
Spellcasting   | 3 4 6 8 9 |  9.8
Poison Magic   | 5 6 7 8 10 12 | 12.6
Air Magic      | 1 2 3 4 5 |  5.0
Dodging        | |  1.7
Stealth        | |  2.4

Action                   |  1- 3 |  4- 6 |  7- 9 | 10-12 || total
-------------------------+-------+-------+-------+-------++-------
Melee: Unarmed           |     5 |       |       |       ||     5
       Short sword       |    33 |     7 |       |       ||    40
       Trident           |       |    41 |    42 |       ||    83
       Falchion          |       |       |    38 |    80 ||   118
Throw: Dart              |    19 |       |       |       ||    19
 Cast: Sting             |    32 |    37 |    52 |    25 ||   146
       Poisonous Vapours |    19 |    44 |    21 |    17 ||   101
       Mephitic Cloud    |       |       |     9 |     3 ||    12
       Ignite Poison     |       |       |     4 |     5 ||     9
       Olgreb's Toxic Ra |       |       |    12 |     9 ||    21
 Abil: Dig               |       |       |       |     1 ||     1
  Use: Scroll            |       |       |    13 |       ||    13
       Potion            |       |       |       |     2 ||     2
 Stab: Sleeping          |       |       |     1 |     1 ||     2
  Eat: Chunk             |     4 |     9 |    13 |     2 ||    28
       Ration            |       |       |       |     3 ||     3
Armor: Robe              |    15 |     4 |     1 |       ||    20
       Leather armour    |       |       |    22 |    26 ||    48
Dodge: Dodged            |    27 |    47 |    58 |    58 ||   190
       Rpst.: Falchion   |       |       |    13 |    13 ||    26
